 Dungeon Crawl Stone Soup version 0.29-a0-857-g9b1aa3ac5b (webtiles) character file.

Game seed: 9672020255982948215

5630 yokelz the Fighter (level 10, -6/93 HPs)
             Began as a Black Draconian Conjurer on July 16, 2022.
             Was a Follower of Vehumet.
             Mangled by a vampire (8 damage)
             ... on level 10 of the Dungeon.
             The game lasted 00:40:29 (12943 turns).

yokelz the Fighter (Black Draconian Conjurer)      Turns: 12943, Time: 00:40:29

Health: -6/93      AC:  8    Str: 10    XL:     10   Next: 46%
Magic:  15/17      EV: 14    Int: 22    God:    Vehumet [*.....]
Gold:   428        SH:  0    Dex: 10    Spells: 8/18 levels left

rFire   + . .      SeeInvis .   N - +2 whip (flame)
rCold   . . .      Faith    .   (no shield)
rNeg    . . .      Spirit   .   (body armour unavailable)
rPois   +          Reflect  .   (helmet restricted)
rElec   +          Harm     .   (no cloak)
rCorr   .          Rampage  .   B - +0 pair of gloves
Will    .....                   (no boots)
Stlth   ++........              (no amulet)
HPRegen 0.25/turn               i - ring of poison resistance
MPRegen 0.15/turn               F - ring of protection from fire

@: about to teleport, short of breath
A: breathe lightning, AC +7, unfitting armour, electricity resistance,
cold-blooded
a: Breathe Lightning, Renounce Religion


You were on level 10 of the Dungeon.
You worshipped Vehumet.
Vehumet was aware of your devotion.
You visited 2 branches of the dungeon, and saw 12 of its levels.

You collected 470 gold pieces.
You spent 42 gold pieces at shops.

Inventory:

Hand Weapons
 N - a +2 whip of flaming (weapon)
Missiles
 a - 3 throwing nets
 k - 6 curare-tipped darts
Armour
 B - a +0 pair of gloves (worn)
Jewellery
 i - a ring of poison resistance (left hand)
 p - a ring of fire
 q - a ring of ice
 y - a +6 ring of dexterity
 A - a ring of ice
 F - a ring of protection from fire (right hand)
 I - a +4 ring of evasion
 K - a ring of protection from fire
Wands
 n - a wand of roots (9)
 s - a wand of flame (15)
 z - a wand of mindburst (31)
Scrolls
 b - a scroll of teleportation
 d - a scroll of amnesia {unknown}
 e - 2 scrolls of blinking {unknown}
 f - a scroll of fear {unknown}
 g - a scroll of summoning {unknown}
 h - 2 scrolls of identify
 t - a scroll of poison {unknown}
 u - 2 scrolls of magic mapping {unknown}
 v - a scroll of noise
 x - a scroll of vulnerability {unknown}
 G - a scroll of fog {unknown}
 J - a scroll of silence {unknown}
 M - a scroll of enchant armour {unknown}
Potions
 c - 5 potions of curing
 j - 3 potions of flight
 l - 2 potions of brilliance
 m - a potion of haste {unknown}
 o - 5 potions of lignification
 r - a potion of berserk rage {unknown}
 C - a potion of might {unknown}
 H - a potion of attraction {unknown}


   Skills:
 + Level 10.1 Fighting
 + Level 8.3 Dodging
 - Level 1.7 Stealth
 + Level 4.7 Spellcasting
 + Level 7.6 Conjurations
 - Level 3.9 Hexes


You had 8 spell levels left.
You knew the following spells:

 Your Spells              Type           Power      Damage    Failure   Level
a - Magic Dart            Conj           100%       1d8       1%          1
b - Searing Ray           Conj           76%        2d7       1%          2
c - Fulminant Prism       Conj/Hex       15%        3d11      10%         4
d - Dazzling Flash        Conj/Hex       60%        N/A       3%          3

Your spell library contained the following spells:

 Spells                   Type           Power      Damage    Failure   Level
 Foxfire                  Conj/Fire      88%        2x1d8     2%          1
 Slow                     Hex            88%        N/A       1%          1
 Confusing Touch          Hex            22%        N/A       6%          3
 Tukima's Dance           Hex            22%        N/A       6%          3
 Portal Projectile        Hex/Tloc       26%        N/A       14%         3
 Iskenderun's Mystic Bla  Conj/Tloc      22%        2d6       22%         4
 Call Canine Familiar     Summ           5%         N/A       30%         3
 Vampiric Draining        Necr           5%         2d6       30%         3
 Leda's Liquefaction      Hex/Erth       6%         N/A       43%         4
 Blade Hands              Tmut           2%         N/A       96%         5


Dungeon Overview and Level Annotations

Branches:
Dungeon (11/15)            Temple (1/1) D:7
   Lair: D:8-11         Orc: D:9-12

Altars:
Ashenzari
Cheibriados
Elyvilon
Fedhas
Gozag
Hepliaklqana
Kikubaaqudgha
Makhleb
Nemelex Xobeh
Okawaru
Qazlal
Ru
Sif Muna
Trog
Vehumet
Wu Jian
Xom
Yredelemnul
Zin
The Shining One

Shops:
D:2 *

Annotations:
D:2 1 runed translucent door, Crazy Yiuf
D:8 exclusion: ugly thing
D:9 Grum


Innate Abilities, Weirdness & Mutations

You can breathe wild blasts of lightning.
Your glossy black scales are hard. (AC +7)
You cannot fit into any form of body armour.
You are resistant to electric shocks. (rElec)
You are cold-blooded and may be slowed by cold attacks.


Message History

Unknown command.
Unknown command.
Casting: Magic Dart (safe; 1% risk of failure)
Confirm with . or Enter, or press ? or * to list all spells.
Aiming: Searing Ray (safe; 1% risk of failure)
Press: ? - help, Shift-Dir - straight line (Press . to maintain the ray.)
Something hits you but does no damage. Something bites you!
* * * LOW HITPOINT WARNING * * *
Something draws strength from your injuries!
Aiming: Magic Dart (safe; 1% risk of failure)
Press: ? - help, Q - select action, (/) - cycle Shift-Dir - straight line, f - you
Okay, then.
The searing ray hits something.
Something hits you but does no damage. Something bites you.
* * * LOW HITPOINT WARNING * * *
Something draws strength from your injuries!
You feel better. Something hits you. Something bites you!
* * * LOW HITPOINT WARNING * * *
Something draws strength from your injuries!
Okay, then.
Unknown command.
As you read the scroll of teleportation, it crumbles to dust.
You feel strangely unstable. Something hits you but does no damage.
Something bites you.
* * * LOW HITPOINT WARNING * * *
Something draws strength from your injuries!
Unknown command.
Activating: Breathe Lightning (3% risk of failure)
Press: ? - help, Dir - look around, f - activate You breathe a wild blast of lightning!
You hear a mighty clap of thunder! x2
The orb of electricity explodes!
Something hits you!
* * * LOW HITPOINT WARNING * * *
Something bites you.
* * * LOW HITPOINT WARNING * * *
Something draws strength from your injuries!
Unknown command.
Something hits you!
You die...

##### ###### #...#
#....# #...# #....#
#)..# #....# #...#
#....# #...#
#####....# #...#
#..@#....###...####
#>.........'......#
#.....######....#.##
#....<....#.....#...
#....)###...###.####
#.[...)...### #.#
#.....).#.# #.#
#.....#.#)# #.#
##......#[# #.#


There were no monsters in sight!

Vanquished Creatures
  Pikel (D:7)
  Sigmund (D:5)
  2 wraiths (D:10)
  3 yaks (D:10)
  A wyvern (D:8)
  A steam dragon (D:7)
  Menkaure (D:4)
  3 water moccasins (D:6)
  2 ice beasts
  3 sky beasts
  5 centaurs
  3 ogres
  A wolf (D:9)
  3 lemures (D:7)
  2 phantoms
  A kobold brigand (D:7)
  2 necrophages
  2 gnoll sergeants
  3 scorpions
  12 killer bees
  2 jellies (D:7)
  5 howler monkeys
  3 hounds
  A gnoll bouda (D:9)
  8 orc priests
  An iguana (D:5)
  7 orc wizards
  Natasha (thrice) (D:2)
  Robin (D:2)
  8 adders
  13 gnolls
  A white imp (D:7)
  An ufetubus (D:6)
  2 worms
  36 orcs
  2 endoplasms
  3 giant cockroaches
  19 goblins
  5 hobgoblins
  4 jackals
  5 quokkas
  7 ball pythons
  5 bats
  A frilled lizard (D:1)
  12 kobolds
  12 rats
219 creatures vanquished.

Vanquished Creatures (others)
  6 bushes (D:10)
  9 fulminant prisms
  16 fungi (D:4)
  6 plants (D:7)
37 creatures vanquished.

Grand Total: 256 creatures vanquished

Notes
Turn   | Place    | Note
-------+----------+-------------------------------------------
     0 | D:1      | yokelz the Draconian Conjurer began the quest for the Orb.
     0 | D:1      | Reached XP level 1. HP: 14/14 MP: 3/3
   432 | D:1      | Reached XP level 2. HP: 20/20 MP: 1/5
   446 | D:1      | Learned a level 2 spell: Searing Ray
  1334 | D:2      | Reached XP level 3. HP: 25/26 MP: 3/6
  1366 | D:2      | Found Dusuqyps's General Store.
  1377 | D:2      | Bought a scroll of teleportation for 42 gold pieces
  1694 | D:2      | Noticed Robin
  1718 | D:2      | Killed Robin
  1719 | D:2      | Reached skill level 5 in Conjurations
  1922 | D:2      | Noticed Natasha
  1926 | D:2      | Killed Natasha
  1927 | D:2      | Reached XP level 4. HP: 33/33 MP: 3/8
  2122 | D:2      | Noticed Natasha
  2128 | D:2      | Killed Natasha
  2327 | D:2      | Noticed Natasha
  2330 | D:2      | Killed Natasha
  2331 | D:2      | Reached XP level 5. HP: 38/38 MP: 5/9
  2437 | D:2      | Found a faded altar of an unknown god.
  2612 | D:2      | Found a runed translucent door.
  2613 | D:2      | Noticed Crazy Yiuf
  2800 | D:3      | Found a sparkling altar of Nemelex Xobeh.
  2800 | D:3      | Found a glowing silver altar of Zin.
  3077 | D:3      | Found an ornate altar of the Wu Jian Council.
  4060 | D:4      | Learned a level 4 spell: Fulminant Prism
  4222 | D:4      | Reached XP level 6. HP: 41/46 MP: 6/10
  4224 | D:4      | Noticed Menkaure
  4245 | D:4      | Killed Menkaure
  4246 | D:4      | Reached skill level 1 in Fighting
  4751 | D:5      | Entered Level 5 of the Dungeon
  4756 | D:5      | Found a broken altar of Ashenzari.
  4784 | D:5      | Found a white marble altar of Elyvilon.
  4793 | D:5      | Noticed Sigmund
  4804 | D:5      | Killed Sigmund
  4805 | D:5      | Your scales start taking on a glossy black colour.
  4805 | D:5      | Reached XP level 7. HP: 39/52 MP: 2/11
  4805 | D:5      | Gained mutation: You are resistant to electric shocks.
                  | (rElec) [Black Draconian growth]
  5196 | D:5      | Reached skill level 2 in Fighting
  5297 | D:5      | Reached skill level 3 in Fighting
  5483 | D:5      | Reached skill level 4 in Fighting
  5873 | D:5      | Reached skill level 5 in Fighting
  6068 | D:5      | Reached XP level 8. HP: 60/69 MP: 1/12
  6168 | D:5      | Reached skill level 6 in Fighting
  6566 | D:6      | Reached skill level 7 in Fighting
  6712 | D:6      | Found a sacrificial altar of Ru.
  6837 | D:6      | Reached skill level 8 in Fighting
  7257 | D:6      | Reached skill level 9 in Fighting
  7634 | D:6      | Reached XP level 9. HP: 27/85 MP: 4/13
  8629 | D:7      | Reached skill level 5 in Dodging
  8633 | D:7      | Learned a level 3 spell: Dazzling Flash
  8983 | D:7      | Found a hazy altar of Hepliaklqana.
  8997 | D:7      | Found a staircase to the Ecumenical Temple.
  9101 | Temple   | Entered the Ecumenical Temple
  9259 | Temple   | Became a worshipper of Vehumet
  9469 | D:7      | Noticed Pikel
  9489 | D:7      | Killed Pikel
 10093 | D:8      | Noticed a brown ugly thing
 10200 | D:8      | Reached XP level 10. HP: 83/93 MP: 2/15
 10662 | D:9      | Noticed Grum
 11725 | D:10     | Entered Level 10 of the Dungeon
 11941 | D:10     | Reached skill level 10 in Fighting
 12475 | D:10     | Reached * piety under Vehumet
 12475 | D:10     | Offered knowledge of Foxfire by Vehumet.
 12941 | D:10     | HP: 3/93 [something (12)]
 12943 | D:10     | Mangled by a vampire

Illustrated notes

Levels and vault maps discovered:
D:1:      wander_arrival_abandoned_jail, layout_loops_ring,
          minmay_rat_gold_closets
D:2:      layout_loops_ring, shapermc_ecumenical_altar_flowoftime, serial_shops,
          shop, uniq_robin, uniq_natasha, uniq_crazy_yiuf_cottage
D:3:      layout_basic, chequers_temple_overflow_statue_of_worship,
          lemuel_tele_altar
D:4:      layout_basic, serial_aquarium, aquarium_bridge_square
          [aquarium_subvault_window, aquarium_subvault_bridge,
          aquarium_subvault_wall, aquarium_subvault_bridge],
          aquarium_bridge_square [aquarium_subvault_window,
          aquarium_subvault_wall, aquarium_subvault_bridge,
          aquarium_subvault_bridge], aquarium_window_corridor_1,
          aquarium_window_fake, aquarium_view_2d, aquarium_balcony_5a,
          uniq_menkaure
D:5:      layout_rooms, mainiacjoe_overflow_large_starburst,
          kennysheep_generic_room_9, uniq_sigmund
D:6:      layout_rooms, mainiacjoe_overflow_small_starburst
D:7:      layout_cave_pods, mainiacjoe_overflow_six_doors_small,
          minmay_temple_entry_enclosed_plants, minmay_misc_feat_x, uniq_pikel
D:8:      layout_cave_pools, erik_lair_dragon
D:9:      layout_stronghold, orc_david_3, ebering_dispersal_statue_hall,
          uniq_grum
D:10:     minmay_klotski, layout_basic
D:11:     layout_cave_pools, gammafunk_ghost_split
Temple:   regret_index_temple_waves

Skill      XL: |  1  2  3  4  5  6  7  8  9 10 |
---------------+-------------------------------+-----
Conjurations   | 5 6 7 |  7.6
Spellcasting   | 3 4 |  4.7
Dodging        | 2 7 8 |  8.3
Fighting       | 1 5 9 10 | 10.1
Hexes          | 3 |  3.9
Stealth        | |  1.7

Action                   |  1- 3 |  4- 6 |  7- 9 | 10-12 || total
-------------------------+-------+-------+-------+-------++-------
Melee: Unarmed           |     7 |       |       |       ||     7
       Tailslap          |     7 |       |    11 |     5 ||    23
       Dagger            |     2 |       |       |       ||     2
       Short sword       |    48 |       |    15 |       ||    63
       Rapier            |       |       |    51 |       ||    51
       Whip              |       |       |       |    35 ||    35
       Punch             |       |       |       |     1 ||     1
 Cast: Magic Dart        |    70 |    91 |   129 |    69 ||   359
       Searing Ray       |     1 |     3 |    52 |    23 ||    79
       Fulminant Prism   |       |       |     2 |     7 ||     9
 Abil: Breathe Lightning |       |       |     3 |     3 ||     6
Evoke: Wand              |       |       |       |     3 ||     3
  Use: Scroll            |     2 |     1 |     2 |     6 ||    11
       Potion            |       |       |       |     6 ||     6
 Stab: Sleeping          |     1 |       |       |       ||     1
Armor: Skin              |    26 |       |    85 |    51 ||   162
Dodge: Dodged            |    45 |     7 |   124 |   145 ||   321

Table legend: (Time is in decaauts)
 A = Elapsed time spent in this place.
 B = Non-inter-level travel time spent in this place.
 C = Inter-level travel time spent in this place.
 D = Time resting spent in this place.
 E = Time spent auto-exploring this place.
 F = Levels seen in this place.
 G = Mean time per level.
                   A        B        C        D        E       F      G
               +--------+--------+--------+--------+--------+-----+--------+
         Total |  12993 |  12624 |    369 |   3859 |   6970 |  12 | 1082.8 |
       Dungeon |  12807 |  12465 |    342 |   3859 |   6838 |  11 | 1164.3 |
        Temple |    185 |    158 |     27 |      0 |    132 |   1 |  185.0 |
               +--------+--------+--------+--------+--------+-----+--------+

Top non-repeatable levels by time:
     D:7: 1763 daAuts
     D:6: 1729 daAuts
     D:5: 1558 daAuts
     D:2: 1461 daAuts
     D:9: 1407 daAuts
     D:1: 1341 daAuts
    D:10: 1208 daAuts
     D:3: 1047 daAuts
     D:4: 918 daAuts
     D:8: 349 daAuts
  Temple: 185 daAuts
    D:11: 20 daAuts
